 Dungeon Crawl Stone Soup version 0.29.1-12-g30fa7ad0bf (webtiles) character file.

Game seed: 11367275476507891754

44288 sanboga the Severer (level 13, -6/125 HPs)
             Began as a Minotaur Berserker on Jan 5, 2023.
             Was the Champion of Trog.
             Mangled by a vampire (10 damage)
             ... on level 2 of the Abyss on Jan 8, 2023.
             The game lasted 00:16:57 (13486 turns).

sanboga the Severer (Minotaur Berserker)           Turns: 13486, Time: 00:16:58

Health: -6/125     AC: 23    Str: 33    XL:     13   Next: 95%
Magic:  12/12      EV:  6    Int:  4    God:    Trog [******]
Gold:   1140       SH:  0    Dex: 10    Spells: 12/12 levels left

rFire   + . .      SeeInvis .   a - +0 broad axe (flame)
rCold   + + .      Faith    .   H - +0 tower shield
rNeg    . . .      Spirit   .   m - +0 plate armour
rPois   .          Reflect  .   (helmet restricted)
rElec   .          Harm     .   B - scarf {rC+ rF+}
rCorr   .          Rampage  .   h - +1 pair of gloves
Will    .....                   q - +2 pair of boots
Stlth   ..........              x - amulet of regeneration
HPRegen 1.10/turn               i - +4 ring of slaying
MPRegen 0.13/turn               G - +6 ring of strength

@: confused, on berserk cooldown, wreathed by umbra
A: horns 2, retaliatory headbutt, cold resistance 1
a: Renounce Religion, Berserk, Trog's Hand, Brothers in Arms


You were on level 2 of the Abyss.
You worshipped Trog.
Trog was exalted by your worship.
You visited 1 branch of the dungeon, and saw 15 of its levels.
You visited the Abyss 1 time.
You also visited: Ossuary.

You collected 1140 gold pieces.

Inventory:

Hand Weapons
 a - a +0 broad axe of flaming (weapon)
 b - a +0 broad axe of protection
Armour
 h - a +1 pair of gloves (worn)
 m - a +0 plate armour (worn)
 q - a +2 pair of boots (worn)
 B - a scarf of resistance (worn)
 H - a +0 tower shield (worn)
Jewellery
 i - a +4 ring of slaying (left hand)
 r - a ring of ice
 x - an amulet of regeneration (around neck)
 C - a ring of ice
 F - a ring of resist corrosion
 G - a +6 ring of strength (right hand)
Wands
 f - a wand of digging (4)
 o - a wand of quicksilver (19)
 t - a wand of flame (35)
 v - a wand of mindburst (12)
 E - a wand of paralysis (2)
Scrolls
 e - 7 scrolls of blinking
 g - 3 scrolls of fear
 k - 3 scrolls of silence
 l - 6 scrolls of identify
 n - 3 scrolls of teleportation
 u - 2 scrolls of enchant weapon
 y - 6 scrolls of enchant armour
 D - 2 scrolls of magic mapping
Potions
 d - 3 potions of mutation
 j - 4 potions of haste
 p - 5 potions of curing
 s - 6 potions of heal wounds
 w - a potion of flight
 z - 2 potions of berserk rage
 A - 2 potions of might
 I - a potion of attraction {unknown}


   Skills:
 + Level 14.9 Fighting
 - Level 18.0 Axes
 + Level 14.7 Armour
 - Level 2.1 Dodging
 * Level 10.6 Shields


You had 12 spell levels left.
You didn't know any spells.
Your spell library was empty.

Dungeon Overview and Level Annotations

Branches:
Dungeon (15/15)            Temple (0/1) D:5            Lair (0/5) D:9
    Orc (0/2) D:12         Vaults (0/5) D:14        Ossuary (visited)
 Depths: D:15

Altars:
Ashenzari
Fedhas
Gozag
Makhleb
Sif Muna

Shops:
D:8 *


Innate Abilities, Weirdness & Mutations

You have a pair of horns on your head.
You reflexively headbutt those who attack you in melee.
Your flesh is cold resistant. (rC+)


Message History

The vampire bites you but does no damage.
The vampire barely misses you.
The vampire bites you but does no damage.
You closely miss the vampire.
The vampire is moderately damaged.
You feel yourself speed up.
The vampire hits you but does no damage.
The vampire bites you but does no damage.
You are too confused!
You hit the vampire. You burn the vampire.
The vampire is heavily damaged.
You slash the large abomination! You burn the large abomination.
The large abomination barely misses you.
The vampire draws life force from you!
* * * LOW HITPOINT WARNING * * *
The vampire is healed by the life force!
You barely miss the large abomination. You headbutt the large abomination.
The large abomination is moderately damaged.
You completely miss the profane servitor.
You hit the vampire. You burn the vampire.
The large abomination barely misses you.
The profane servitor hits you with a +2 vampiric demon whip.
* * * LOW HITPOINT WARNING * * *
The profane servitor draws strength from your injuries!
The profane servitor hits you but does no damage.
The vampire hits you but does no damage.
The vampire bites you but does no damage.
You slash the large abomination! You burn the large abomination.
You headbutt the large abomination.
The large abomination is severely damaged.
You miss the vampire.
You completely miss the profane servitor.
The profane servitor hits you with a +2 vampiric demon whip!!
* * * LOW HITPOINT WARNING * * *
The profane servitor draws strength from your injuries!
The profane servitor hits you but does no damage.
The large abomination hits you but does no damage.
The vampire hits you but does no damage.
The vampire bites you!
You die...

... .. ...
..##. ##.##
....
....##..#.
#.....# .#
. #VA..# .
#.##
#@#.##..
... #
#X#..#.....
. #...#....
.. # ###.
..... . #
#.#.... #
#....... .#
. #..
...... . .
... ......
.# #.. . .


You could see a profane servitor, a large abomination and a vampire.

Vanquished Creatures
  A lich (Abyss:2)
  An ironbound preserver (D:14)
  Josephine (D:15)
  A boulder beetle (D:13)
  3 centaur warriors
  2 two-headed ogres
  A catoblepas (D:13)
  A tengu warrior (D:14)
  A thrashing horror (Abyss:2)
  A wretched star (Abyss:2)
  An orc knight (D:15)
  3 deep elf pyromancers
  4 manticores
  10 ugly things
  A worldbinder (Abyss:2)
  An elephant (D:10)
  4 cyclopes
  2 smoke demons (Abyss:2)
  An orange demon (Abyss:2)
  A freezing wraith (D:14)
  A yaktaur (D:14)
  3 kobold demonologists
  A komodo dragon (D:9)
  An efreet (D:14)
  An ancient zyme (Abyss:2)
  A hornet (D:11)
  9 trolls
  A tarantella (shapeshifter) (D:14)
  A jumping spider (shapeshifter) (Abyss:2)
  11 slime creatures
  Sigmund (D:3)
  A shadow (D:10)
  4 wyverns
  5 wraiths
  39 yaks
  4 basilisks (D:9)
  A steam dragon (D:7)
  3 vampire mosquitoes (D:14)
  An acid dragon (D:14)
  5 large abominations (Abyss:2)
  A water moccasin (D:8)
  A swamp drake (D:9)
  3 black bears
  2 ice beasts
  12 orc warriors
  An ogre (shapeshifter) (D:14)
  3 ogres
  23 centaurs
  2 phantoms (D:5)
  4 kobold brigands
  A necrophage (D:5)
  2 scorpions (D:5)
  A bullfrog (D:7)
  A gnoll sergeant (D:11)
  2 wyvern zombies (Ossuary)
  15 wights
  35 killer bees
  2 electric eels (D:6)
  4 howler monkeys
  2 centaur zombies (Ossuary)
  6 bullfrog zombies (Ossuary)
  An iron imp (Abyss:2)
  4 jellies
  10 orc priests
  Crazy Yiuf (D:3)
  5 hounds
  Natasha (thrice) (D:3)
  2 iguanas (D:5)
  Ijyb (D:3)
  17 orc wizards
  4 killer bee zombies (Ossuary)
  15 mummies
  4 howler monkey zombies (Ossuary)
  5 gnolls (D:11)
  8 adders
  2 shadow imps (D:7)
  3 white imps (D:7)
  2 ufetubi (D:5)
  A worm (D:5)
  4 dart slugs
  68 orcs
  3 ball pythons
  3 endoplasms
  2 giant cockroaches
  4 goblins
  8 hobgoblins
  5 jackals
  A quokka (D:5)
  3 bats
  5 frilled lizards
  13 kobolds
  7 rats
  A bush (D:6)
473 creatures vanquished.

Vanquished Creatures (others)
  A plant (D:6)
1 creature vanquished.

Grand Total: 474 creatures vanquished

Notes
Turn   | Place    | Note
-------+----------+-------------------------------------------
     0 | D:1      | sanboga the Minotaur Berserker began the quest for the Orb.
     0 | D:1      | Reached XP level 1. HP: 19/19 MP: 0/0
   167 | D:1      | Found a faded altar of an unknown god.
   210 | D:1      | Reached skill level 4 in Axes
   245 | D:1      | Reached XP level 2. HP: 21/27 MP: 1/1
   774 | D:2      | Identified the +10 mace "Death Rattle" {flame, rElec rPois
                  | rN+++ Dex-4}
  1004 | D:2      | You fall into a shaft and drop 2 floors!
  1046 | D:4      | Noticed a black bear
  1051 | D:4      | Killed a black bear
  1052 | D:4      | Reached skill level 5 in Axes
  1052 | D:4      | Reached XP level 3. HP: 34/34 MP: 2/2
  1052 | D:4      | Reached XP level 4. HP: 41/41 MP: 3/3
  1172 | D:3      | Reached ** piety under Trog
  1175 | D:3      | Noticed Ijyb
  1186 | D:3      | Killed Ijyb
  1187 | D:3      | Reached XP level 5. HP: 25/47 MP: 4/4
  1389 | D:3      | Found a runed translucent door.
  1390 | D:3      | Noticed Crazy Yiuf
  1526 | D:3      | Noticed Sigmund
  1530 | D:3      | Killed Sigmund
  1531 | D:3      | Reached skill level 5 in Fighting
  1531 | D:3      | Reached skill level 6 in Axes
  1531 | D:3      | Reached XP level 6. HP: 56/56 MP: 5/5
  1603 | D:3      | Killed Crazy Yiuf
  1649 | D:3      | Noticed Natasha
  1654 | D:3      | Killed Natasha
  1658 | D:3      | Noticed Natasha
  1669 | D:3      | Killed Natasha
  1790 | D:3      | Noticed Natasha
  1796 | D:3      | Killed Natasha
  2628 | D:4      | Gained mutation: Your flesh is cold resistant. (rC+)
                  | [potion of mutation]
  2639 | D:4      | Reached skill level 7 in Axes
  2941 | D:4      | Reached skill level 5 in Armour
  2941 | D:4      | Reached XP level 7. HP: 32/62 MP: 6/6
  3599 | D:4      | Identified a scroll of acquirement
  3599 | D:4      | Acquired a +0 broad axe of flaming
  3656 | D:5      | Entered Level 5 of the Dungeon
  3693 | D:5      | Found a staircase to the Ecumenical Temple.
  3833 | D:5      | Reached *** piety under Trog
  3834 | D:5      | Reached skill level 8 in Axes
  4136 | D:5      | Reached XP level 8. HP: 71/71 MP: 7/7
  4162 | D:5      | Reached skill level 9 in Axes
  4552 | D:5      | Reached **** piety under Trog
  4553 | D:5      | Reached skill level 10 in Axes
  5160 | D:6      | Found a blossoming altar of Fedhas.
  5290 | D:6      | Found a burning altar of Makhleb.
  5680 | D:6      | Reached XP level 9. HP: 75/81 MP: 8/8
  6218 | D:7      | Reached skill level 11 in Axes
  6598 | D:7      | Reached skill level 12 in Axes
  6749 | D:7      | Found an opulent altar of Gozag.
  7101 | D:8      | Reached ***** piety under Trog
  7102 | D:8      | Reached XP level 10. HP: 86/91 MP: 9/9
  7114 | D:8      | Reached skill level 13 in Axes
  7407 | D:8      | Found a sand-covered staircase.
  7414 | Ossuary  | Entered an ossuary
  7459 | Ossuary  | Reached skill level 10 in Fighting
  7809 | D:8      | Found a shimmering blue altar of Sif Muna.
  7934 | D:8      | Reached skill level 10 in Armour
  7939 | D:8      | Reached skill level 14 in Axes
  8010 | D:8      | Found Osmit's CLEARANCE SALE!.
  8315 | D:9      | Noticed a two-headed ogre
  8325 | D:9      | Killed a two-headed ogre
  8456 | D:9      | Found a broken altar of Ashenzari.
  8478 | D:9      | Reached XP level 11. HP: 80/101 MP: 10/10
  8495 | D:9      | Reached ****** piety under Trog
  8812 | D:9      | Reached skill level 15 in Axes
  8825 | D:9      | Found a staircase to the Lair.
  9083 | D:10     | Entered Level 10 of the Dungeon
  9149 | D:10     | Received a gift from Trog
  9514 | D:10     | Reached skill level 16 in Axes
  9919 | D:11     | Noticed a two-headed ogre
  9926 | D:10     | Killed a two-headed ogre
  9957 | D:10     | Reached XP level 12. HP: 79/112 MP: 11/11
 10067 | D:11     | Reached skill level 17 in Axes
 10854 | D:12     | Received a gift from Trog
 10895 | D:12     | Found a staircase to the Orcish Mines.
 11423 | D:12     | Reached skill level 1 in Shields
 11586 | D:13     | Noticed a boulder beetle
 11607 | D:13     | Killed a boulder beetle
 11741 | D:13     | Noticed a catoblepas
 11757 | D:13     | Killed a catoblepas
 11758 | D:13     | Reached skill level 18 in Axes
 12283 | D:14     | Noticed a centaur warrior
 12288 | D:14     | Noticed an ironbound preserver
 12291 | D:14     | Killed a centaur warrior
 12306 | D:14     | Killed an ironbound preserver
 12307 | D:14     | Reached skill level 5 in Shields
 12312 | D:14     | Reached XP level 13. HP: 21/122 MP: 12/12
 12476 | D:14     | Found a gate to the Vaults.
 12646 | D:14     | Received a gift from Trog
 12994 | D:15     | Entered Level 15 of the Dungeon
 12994 | D:15     | Noticed Josephine
 13036 | D:15     | Killed Josephine
 13233 | Abyss:2  | Cast into level 2 of the Abyss (a wizard)
 13243 | Abyss:2  | Noticed a lich
 13271 | Abyss:2  | Killed a lich
 13272 | Abyss:2  | Reached skill level 10 in Shields
 13481 | Abyss:2  | Noticed a profane servitor
 13486 | Abyss:2  | HP: 4/125 [profane servitor/+2 vampiric demon whip (19)]
 13486 | Abyss:2  | Mangled by a vampire

Illustrated notes

Levels and vault maps discovered:
D:1:      eino_arrival_water_star, layout_rooms,
          hellmonk_ecumenical_altar_leap_of_faith
D:2:      layout_loops_ring
D:3:      layout_rooms, uniq_sigmund, uniq_crazy_yiuf_cottage, uniq_ijyb,
          uniq_natasha
D:4:      layout_loops_ring
D:5:      minmay_inner_zag, layout_rooms, minmay_temple_entry_trees,
          serial_rivers, chequers_serial_rivers_small_3,
          chequers_serial_rivers_micro_c, chequers_serial_rivers_micro_a,
          chequers_serial_rivers_micro_a, nzn_random_ring
D:6:      layout_cave_pools, lemuel_round_altar, fedhas_bush_and_centaur_altar,
          chequers_big_river
D:7:      layout_loops_ring, nicolae_overflow_crystal_walls,
          hangedman_decor_lopped
D:8:      layout_basic, mainiacjoe_overflow_six_doors_small,
          gup_ossuary_entry_pyramid, nicolae_shop_clearance
D:9:      layout_long_grid, evilmike_ruin_ashenzari, erik_lair_dragon
D:10:     wad_woods_minihive, layout_irregular_city, kennysheep_generic_room_13
D:11:     layout_gridville, chequers_mini_garden
D:12:     layout_stronghold, hiddenorc1_lemuel
D:13:     layout_cave_pools
D:14:     layout_roguey [special_room_orc], skrybe_vaults_entry_preservation,
          minivault_19
D:15:     hangedman_depths_entry_civil_slaughter, layout_gridville,
          serial_bayou_pond_e, bh_walls_and_bars, uniq_josephine
Abyss:2:  base:
Temple

Skill      XL: |  1  2  3  4  5  6  7  8  9 10 11 12 13 |
---------------+----------------------------------------+-----
Axes           | 4 5 6 7 8 10 12 14 16 18 | 18.0
Fighting       | 4 5 6 7 9 10 12 13 14 | 14.9
Armour         | 3 4 5 7 9 10 12 13 14 | 14.7
Shields        | 5 10 | 10.6
Dodging        | |  2.1

Action                   |  1- 3 |  4- 6 |  7- 9 | 10-12 | 13-15 || total
-------------------------+-------+-------+-------+-------+-------++-------
Melee: Hand axe          |     8 |       |       |       |       ||     8
       Broad axe         |    26 |    77 |   178 |   503 |   210 ||   994
       Headbutt          |     4 |     8 |    32 |   100 |    49 ||   193
       Punch             |       |       |     2 |     4 |       ||     6
Invok: Berserk           |     1 |       |     1 |     2 |     5 ||     9
Evoke: Wand              |       |       |       |     1 |       ||     1
  Use: Potion            |       |     5 |       |       |     2 ||     7
       Scroll            |       |       |    19 |     5 |     1 ||    25
 Stab: Distracted        |       |       |     1 |       |       ||     1
Armor: Animal skin       |     3 |       |       |       |       ||     3
       Plate armour      |     8 |    52 |   145 |   414 |   133 ||   752
       Skin              |       |    11 |       |       |       ||    11
Dodge: Dodged            |    23 |    28 |    66 |   212 |    50 ||   379
Block: Tower shield      |       |       |       |    55 |   117 ||   172
